 Dungeon Crawl Stone Soup version 0.26-a0-376-g13fbb91ece (webtiles) character file.

Game seed: 8544610930075577908

2424 Gargoyl the Skirmisher (level 9, -1/74 HPs)
             Began as a Gnoll Abyssal Knight on July 20, 2020.
             Was an Elder of Lugonu.
             Killed from afar by an orc wizard (10 damage)
             ... with a magic dart
             ... on level 6 of the Dungeon.
             The game lasted 00:07:57 (5964 turns).

Gargoyl the Skirmisher (Gnoll Abyssal Knight)       Turns: 5964, Time: 00:07:57

Health: -1/74      AC: 13    Str: 17    XL:     9   Next: 48%
Magic:  15/15      EV: 14    Int: 16    God:    Lugonu [****..]
Gold:   378        SH:  0    Dex: 14    Spells: 16/16 levels left

rFire    . . .     SeeInvis .   n - +3 scythe (vamp)
rCold    . . .     Faith    .   (shield currently unavailable)
rNeg     + . .     Spirit   .   h - +2 leather armour {rN+}
rPois    .         Reflect  .   (no helmet)
rElec    .         Harm     .   c - +1 cloak
rCorr    .                      (no gloves)
MR       .....                  g - +0 pair of boots
Stlth    +.........             (no amulet)
HPRegen  0.22/turn              j - +4 ring of protection
MPRegen  0.14/turn              (no ring)

@: glowing
A: distributed training, fangs 1, strong nose
a: Depart the Abyss, Bend Space, Banish, Corrupt, Renounce Religion


You were on level 6 of the Dungeon.
You worshipped Lugonu.
Lugonu was greatly pleased with you.
You visited 1 branch of the dungeon, and saw 7 of its levels.
You visited the Abyss 1 time.

You collected 378 gold pieces.

Inventory:

Hand Weapons
 a - a +2 hand axe
 n - a +3 vampiric scythe (weapon)
Armour
 c - a +1 cloak (worn)
 g - a +0 pair of boots (worn)
 h - a +2 leather armour of positive energy (worn)
Jewellery
 j - a +4 ring of protection (left hand)
Scrolls
 b - 2 scrolls of identify
 e - 3 scrolls of magic mapping
 i - a scroll of teleportation
Potions
 d - 4 potions of curing
 f - 2 potions of haste
 k - 2 potions of brilliance
 l - 2 potions of heal wounds
 m - a potion of flight {unknown}
 o - a potion of degeneration {unknown}
 p - a potion of invisibility {unknown}


   Skills:
 + Level 7.9 Fighting
 + Level 4.2 Short Blades
 + Level 4.2 Long Blades
 + Level 6.3 Axes
 + Level 4.2 Maces & Flails
 + Level 4.2 Polearms
 + Level 4.2 Staves
 + Level 4.2 Slings
 + Level 4.2 Bows
 + Level 4.2 Crossbows
 + Level 4.2 Throwing
 + Level 6.3 Armour
 + Level 5.0 Dodging
 + Level 4.2 Stealth
 + Level 4.2 Shields
 + Level 4.2 Unarmed Combat
 + Level 4.2 Spellcasting
 + Level 3.4 Conjurations
 + Level 3.4 Hexes
   Level 0.0 Charms
 + Level 3.4 Summonings
 + Level 3.4 Necromancy
 + Level 3.4 Translocations
 + Level 3.4 Transmutations
 + Level 3.4 Fire Magic
 + Level 3.4 Ice Magic
 + Level 3.4 Air Magic
 + Level 3.4 Earth Magic
 + Level 3.4 Poison Magic
 + Level 6.6 Invocations
 + Level 4.2 Evocations


You had 16 spell levels left.
You didn't know any spells.
Your spell library contained the following spells:

 Spells                   Type           Power        Failure   Level
 Animate Skeleton         Necr           ##....       4%          1
 Apportation              Tloc           ##....       4%          1
 Corona                   Hex            ##.....      4%          1
 Summon Small Mammal      Summ           ##..         4%          1


Dungeon Overview and Level Annotations

Branches:
Dungeon (7/15)             Temple (0/1) D:4

Altars:
Ashenzari
Fedhas
Kikubaaqudgha
Okawaru
Sif Muna
Trog
Uskayaw
Vehumet
Wu Jian

Shops:
D:4 [


Innate Abilities, Weirdness & Mutations

Your experience applies equally to all skills.
You have very sharp teeth.
Your uncanny sense of smell can sniff out nearby items.


Message History

The orc wizard gestures at you while chanting.
You easily resist.
The orc wizard points at you and mumbles some strange words.
The magic dart hits you but does no damage.
The gnoll hits you but does no damage. The gnoll hits you but does no damage.
The orc wizard points at you and mumbles some strange words.
The magic dart hits you.
* * * LOW HITPOINT WARNING * * *
There is a stone staircase leading up here.
The orc wizard completely misses you. The gnoll closely misses you.
The orc wizard casts a cantrip, but nothing happens.
The gnoll misses you.
You climb upwards.
There is a stone staircase leading down here.
You hit the orc wizard but do no damage.
The orc wizard is almost dead.
The orc wizard casts a spell at you. The magic dart hits you!
You die...

#....##...####'###..##
#....##..............#
.....................#
.....................#
#..####...########.######
#..####...########[###..##
..........#.......[......#
........(.#.....[........#
..........#.....@........#
..........#.....o........#
##.##.##..###+###..####..#
##.##.##..###.###..##.####
...........+.>......)).#
...........#...........#
#########..##..#####'#####
##.##.###..##..##....###.##
)).....#.......#..........#


You could see an orc wizard (fast).

Vanquished Creatures
  Grinder (D:4)
  Sigmund (D:3)
  A sky beast (D:6)
  2 ice beasts
  5 ogres
  2 bullfrogs
  A wyvern skeleton (D:6)
  2 scorpions
  5 wights (D:6)
  A centaur zombie (D:6)
  A bullfrog zombie (D:6)
  An orc priest (D:6)
  2 hounds
  A centaur skeleton (D:4)
  2 gnoll shamans
  8 orc wizards
  An iguana (D:4)
  Jessica (D:2)
  Natasha (twice) (D:4)
  4 worker ants
  A howler monkey zombie (D:4)
  8 gnolls
  3 adders
  An ufetubus (D:5)
  An adder skeleton (D:4)
  3 worms
  3 dart slugs
  2 leopard geckos (D:1)
  20 orcs
  3 ball pythons
  7 bats
  8 giant cockroaches
  6 goblins
  9 hobgoblins
  8 kobolds
  A quokka (D:2)
  7 frilled lizards
  A giant cockroach zombie (D:6)
  A jackal skeleton (D:4)
  A quokka skeleton (D:4)
  9 rats
147 creatures vanquished.

Notes
Turn   | Place    | Note
-------+----------+-------------------------------------------
     0 | Abyss:1  | Gargoyl the Gnoll Abyssal Knight began the quest for the
                  | Orb.
     0 | Abyss:1  | Reached XP level 1. HP: 23/23 MP: 3/3
    16 | Abyss:2  | Noticed a ynoxinul
    17 | Abyss:2  | Found a corrupted altar of Lugonu.
    26 | D:1      | Escaped the Abyss
   245 | D:1      | Reached XP level 2. HP: 29/29 MP: 5/5
   573 | D:1      | Reached * piety under Lugonu
   997 | D:2      | Reached XP level 3. HP: 32/35 MP: 6/6
  1306 | D:2      | Found a shimmering blue altar of Sif Muna.
  1314 | D:2      | Found an iron altar of Okawaru.
  1317 | D:2      | Found a blossoming altar of Fedhas.
  1336 | D:2      | Found an ancient bone altar of Kikubaaqudgha.
  1336 | D:2      | Noticed Jessica
  1345 | D:2      | Killed Jessica
  1345 | D:2      | Reached skill level 1 in Short Blades
  1345 | D:2      | Reached skill level 1 in Long Blades
  1345 | D:2      | Reached skill level 1 in Maces & Flails
  1345 | D:2      | Reached skill level 1 in Polearms
  1345 | D:2      | Reached skill level 1 in Staves
  1345 | D:2      | Reached skill level 1 in Slings
  1345 | D:2      | Reached skill level 1 in Bows
  1345 | D:2      | Reached skill level 1 in Crossbows
  1345 | D:2      | Reached skill level 1 in Throwing
  1345 | D:2      | Reached skill level 1 in Stealth
  1345 | D:2      | Reached skill level 1 in Shields
  1345 | D:2      | Reached skill level 1 in Unarmed Combat
  1345 | D:2      | Reached skill level 1 in Spellcasting
  1345 | D:2      | Reached skill level 1 in Evocations
  1345 | D:2      | Reached XP level 4. HP: 41/41 MP: 7/7
  1404 | D:2      | Reached ** piety under Lugonu
  1763 | D:3      | Noticed a bullfrog
  1778 | D:3      | Killed a bullfrog
  1778 | D:3      | Reached skill level 1 in Conjurations
  1778 | D:3      | Reached skill level 1 in Hexes
  1778 | D:3      | Reached skill level 1 in Summonings
  1778 | D:3      | Reached skill level 1 in Necromancy
  1778 | D:3      | Reached skill level 1 in Translocations
  1778 | D:3      | Reached skill level 1 in Transmutations
  1778 | D:3      | Reached skill level 1 in Fire Magic
  1778 | D:3      | Reached skill level 1 in Ice Magic
  1778 | D:3      | Reached skill level 1 in Air Magic
  1778 | D:3      | Reached skill level 1 in Earth Magic
  1778 | D:3      | Reached skill level 1 in Poison Magic
  1778 | D:3      | Reached XP level 5. HP: 24/47 MP: 8/8
  1977 | D:3      | Found a blossoming altar of Fedhas.
  1988 | D:3      | Noticed Sigmund
  2016 | D:3      | Killed Sigmund
  2016 | D:3      | Reached skill level 5 in Axes
  2016 | D:3      | Reached skill level 5 in Armour
  2016 | D:3      | Reached skill level 5 in Invocations
  2016 | D:3      | Reached XP level 6. HP: 49/53 MP: 9/9
  2697 | D:4      | Found Haexuthric's Armour Shoppe.
  2718 | D:4      | Reached XP level 7. HP: 33/59 MP: 10/10
  2869 | D:4      | Found a staircase to the Ecumenical Temple.
  2876 | D:4      | Reached skill level 7 in Fighting
  2881 | D:4      | Noticed Grinder
  2883 | D:4      | Paralysed by Grinder for 4 turns
  2895 | D:4      | Killed Grinder
  2904 | D:4      | Reached *** piety under Lugonu
  3078 | D:4      | Reached XP level 8. HP: 67/67 MP: 12/12
  3107 | D:4      | Noticed Natasha
  3127 | D:4      | Killed Natasha
  3395 | D:4      | Found an ornate altar of the Wu Jian Council.
  3442 | D:4      | Noticed Natasha
  3453 | D:4      | Killed Natasha
  3764 | D:5      | Entered Level 5 of the Dungeon
  4028 | D:5      | Found a hide-covered altar of Uskayaw.
  4689 | D:6      | Reached **** piety under Lugonu
  4689 | D:6      | Reached XP level 9. HP: 64/72 MP: 14/14
  5525 | D:6      | Found a shattered altar of Ashenzari.
  5633 | D:6      | Found a radiant altar of Vehumet.
  5701 | D:6      | Reached skill level 5 in Dodging
  5902 | D:6      | Found a bloodstained altar of Trog.
  5964 | D:6      | Killed from afar by an orc wizard

Illustrated notes

Levels and vault maps discovered:
D:1:      evilmike_arrival_home_sweet_home, layout_basic,
          chequers_serial_rivers_marsh, minivault_5
D:2:      layout_rooms, grunt_temple_overflow_cloverleaf, uniq_jessica
D:3:      layout_loops_ring, fedhas_altar_1, uniq_sigmund
D:4:      layout_basic, overflow_temple_1_default,
          minmay_temple_entry_butterflies, serial_shops, shop_fountains,
          uniq_grinder, uniq_natasha
D:5:      layout_cave_pools, nicolae_overflow_crystal_walls
D:6:      layout_gridville, ashenzari_conservatory_becter, bloody_trog,
          basic_altar
D:7:      layout_basic, zin_statuary, lemuel_round_altar,
          minmay_misc_feat_rugged, cheibrodos_worm_habitat

Skill      XL: |  1  2  3  4  5  6  7  8  9 |
---------------+----------------------------+-----
Short Blades   | 1 2 3 4 |  4.2
Long Blades    | 1 2 3 4 |  4.2
Maces & Flails | 1 2 3 4 |  4.2
Polearms       | 1 2 3 4 |  4.2
Staves         | 1 2 3 4 |  4.2
Slings         | 1 2 3 4 |  4.2
Bows           | 1 2 3 4 |  4.2
Crossbows      | 1 2 3 4 |  4.2
Throwing       | 1 2 3 4 |  4.2
Stealth        | 1 2 3 4 |  4.2
Shields        | 1 2 3 4 |  4.2
Unarmed Combat | 1 2 3 4 |  4.2
Spellcasting   | 1 2 3 4 |  4.2
Evocations     | 1 2 3 4 |  4.2
Dodging        | 3 4 5 |  5.0
Conjurations   | 1 2 3 |  3.4
Hexes          | 1 2 3 |  3.4
Summonings     | 1 2 3 |  3.4
Necromancy     | 1 2 3 |  3.4
Translocations | 1 2 3 |  3.4
Transmutations | 1 2 3 |  3.4
Fire Magic     | 1 2 3 |  3.4
Ice Magic      | 1 2 3 |  3.4
Air Magic      | 1 2 3 |  3.4
Earth Magic    | 1 2 3 |  3.4
Poison Magic   | 1 2 3 |  3.4
Axes           | 5 6 |  6.3
Armour         | 5 6 |  6.3
Invocations    | 5 6 |  6.6
Fighting       | 7 |  7.9

Action                   |  1- 3 |  4- 6 |  7- 9 || total
-------------------------+-------+-------+-------++-------
Melee: Hand axe          |    92 |    87 |       ||   179
       Bite              |     9 |     9 |    32 ||    50
       Scythe            |       |    48 |   286 ||   334
Invok: Depart the Abyss  |     1 |       |       ||     1
       Bend Space        |       |       |     1 ||     1
  Use: Scroll            |     5 |     4 |     2 ||    11
       Potion            |       |     1 |       ||     1
 Stab: Sleeping          |     2 |     2 |     4 ||     8
Armor: Leather armour    |    33 |    53 |   247 ||   333
Dodge: Dodged            |    89 |   106 |   459 ||   654

Table legend: (Time is in decaauts)
 A = Elapsed time spent in this place.
 B = Non-inter-level travel time spent in this place.
 C = Inter-level travel time spent in this place.
 D = Time resting spent in this place.
 E = Time spent auto-exploring this place.
 F = Levels seen in this place.
 G = Mean time per level.
                   A        B        C        D        E       F      G
               +--------+--------+--------+--------+--------+-----+--------+
         Total |   6240 |   6086 |    154 |   1815 |   2658 |   9 |  693.3 |
       Dungeon |   6215 |   6061 |    154 |   1815 |   2647 |   7 |  887.9 |
         Abyss |     25 |     25 |      0 |      0 |     11 |   2 |   12.5 |
               +--------+--------+--------+--------+--------+-----+--------+
